[Event "Titled Tuesday Blitz March 14 Early 2023"]
[White "Costachi, Mihnea"]
[Black "Domingo Nunez, Alejandro"]
[WhiteFideId "1217518"]
[BlackFideId "22245561"]
[WhiteElo "2456"]
[BlackElo "2230"]
[Result "1-0"]
[Round "10"]
[TimeControl "180+2"]
[Date "2023.03.14"]
[WhiteClock "0:01:00"]
[BlackClock "0:00:54"]

1. Nc3 g6 2. d4 Bg7 3. e4 c6 4. f3 d5 5. Be3 dxe4 6. fxe4 e5 7. d5 Nf6 8. h3 Nh5 9. Nf3 O-O 10. Qd2 Ng3 11. Rg1 cxd5 12. exd5 e4 13. Nd4 Nd7 14. O-O-O Ne5 15. Bf4 Nh5 16. Bh6 Bxh6 17. Qxh6 f5 18. Be2 Ng7 19. g4 f4 20. Nxe4 f3 21. Ng5 1-0


[Site "https://www.chess.com"]

[Event "Titled Tuesday Blitz March 14 Early 2023"]
[White "Yurovskykh, Oleksandr"]
[Black "Cherniaiev, Tykhon"]
[WhiteFideId "14134020"]
[BlackFideId "14182360"]
[WhiteElo "2268"]
[BlackElo "2450"]
[Result "0-1"]
[Round "10"]
[TimeControl "180+2"]
[Date "2023.03.14"]
[WhiteClock "0:01:59"]
[BlackClock "0:01:39"]

1. d4 Nf6 2. Nf3 c5 3. c3 g6 4. Bg5 Bg7 5. Nbd2 cxd4 6. cxd4 d5 7. e3 Nc6 8. Be2 O-O 9. O-O Bf5 10. Qb3 Qd7 11. Rac1 Rac8 12. Bb5 Ne4 13. Nxe4 Bxe4 14. Ne5 Bxe5 15. dxe5 Qg4 16. f3 Bxf3 17. Rxf3 Nxe5 0-1


[Site "https://www.chess.com"]

[Event "Titled Tuesday Blitz March 14 Early 2023"]
[White "Tanenbaum, Zachary"]
[Black "Wartiovaara, Oliver"]
[WhiteFideId "2060850"]
[BlackFideId "513024"]
[WhiteElo "2175"]
[BlackElo "2214"]
[Result "1-0"]
[Round "10"]
[TimeControl "180+2"]
[Date "2023.03.14"]
[WhiteClock "0:01:28"]
[BlackClock "0:01:21"]

1. e4 c5 2. Nf3 g6 3. d4 cxd4 4. Qxd4 Nf6 5. e5 Nc6 6. Qa4 Nd5 7. Qb3 Nc7 8. Bf4 Ne6 9. Bg3 Bg7 10. Nc3 O-O 11. O-O-O d6 12. exd6 Qa5 13. dxe7 Nxe7 14. Bd6 Re8 15. Qb5 Nc6 16. Qxa5 Nxa5 17. Nd5 Bd7 18. Nc7 Nxc7 19. Bxc7 Bh6+ 20. Kb1 1-0


[Site "https://www.chess.com"]

[Event "Titled Tuesday Blitz March 14 Early 2023"]
[White "Horak, Martin"]
[Black "Starozhilov, Leonid"]
[WhiteFideId "367095"]
[BlackFideId "14106752"]
[WhiteElo "2091"]
[BlackElo "2402"]
[Result "0-1"]
[Round "10"]
[TimeControl "180+2"]
[Date "2023.03.14"]
[WhiteClock "0:00:03"]
[BlackClock "0:00:38"]

1. e4 c5 2. Nf3 e6 3. b3 Nc6 4. Bb2 d5 5. exd5 exd5 6. Bb5 Nf6 7. O-O Be7 8. d4 O-O 9. h3 Ne4 10. Nbd2 Bf6 11. Bd3 Bf5 12. Re1 Re8 13. Nf1 cxd4 14. g4 Bg6 15. Ng3 Nxg3 16. fxg3 Be4 17. Kh2 h6 18. Rf1 Bxd3 19. Qxd3 Re3 20. Qd2 Qb6 21. Rae1 Rae8 22. h4 Qc7 23. g5 hxg5 24. hxg5 Bxg5 25. Bxd4 Rxe1 26. Qxg5 Nxd4 27. Nxd4 Rxf1 28. Nf5 Rxf5 29. Qxg7+ Kxg7 0-1


[Site "https://www.chess.com"]

[Event "Titled Tuesday Blitz March 14 Early 2023"]
[White "Martic, Ivan"]
[Black "Shuvalova, Polina"]
[WhiteFideId "929301"]
[BlackFideId "24171760"]
[WhiteElo "2360"]
[BlackElo "2297"]
[Result "1-0"]
[Round "10"]
[TimeControl "180+2"]
[Date "2023.03.14"]
[WhiteClock "0:00:51"]
[BlackClock "0:00:10"]

1. d4 Nf6 2. Bg5 d5 3. Bxf6 gxf6 4. e3 c5 5. c4 cxd4 6. exd4 Rg8 7. Nc3 dxc4 8. Bxc4 Nc6 9. Nge2 Rxg2 10. Qb3 e6 11. d5 Ne5 12. Bb5+ Bd7 13. dxe6 fxe6 14. Qxe6+ Qe7 15. Bxd7+ Nxd7 16. Qh3 Rg5 17. O-O-O O-O-O 18. Nf4 Kb8 19. Ne6 Bh6 20. f4 Rc5 21. Nxc5 Bxf4+ 22. Kb1 Nxc5 23. Rxd8+ Qxd8 24. Qxh7 Qe7 25. Nd5 Qf8 26. Nxf4 Qd6 27. Qg8+ Kc7 28. Qd5 1-0


[Site "https://www.chess.com"]

[Event "Titled Tuesday Blitz March 14 Early 2023"]
[White "Weetik, Vjacheslav"]
[Black "Jovic, Stanoje"]
[WhiteFideId "4153472"]
[BlackFideId "905020"]
[WhiteElo "2469"]
[BlackElo "2236"]
[Result "1-0"]
[Round "10"]
[TimeControl "180+2"]
[Date "2023.03.14"]
[WhiteClock "0:00:07"]
[BlackClock "0:00:14"]

1. d4 Nf6 2. Bf4 d5 3. e3 e6 4. Nd2 Bd6 5. Bd3 O-O 6. c3 b6 7. Bg5 c5 8. Qe2 a5 9. e4 dxe4 10. Nxe4 Bb7 11. Bxf6 gxf6 12. Qh5 Bxe4 13. Bxe4 f5 14. Bxa8 cxd4 15. Nf3 dxc3 16. O-O Qf6 17. bxc3 Nd7 18. Rad1 e5 19. Qg5+ Qxg5 20. Nxg5 Nc5 21. Rxd6 Rxa8 22. Rxb6 Rd8 23. Rb5 Rc8 24. Rxa5 e4 25. Nh3 Kg7 26. g3 Kf6 27. Nf4 h5 28. Nxh5+ Kg5 29. Nf4 Nd3 30. Nxd3 exd3 31. Rd5 Rxc3 32. Rd1 Ra3 33. Rd2 Kg4 34. R5xd3 Ra8 35. Kg2 f4 36. Rd4 f5 37. Rxf4+ Kg5 38. Rd5 Rxa2 39. Rdxf5+ Kg6 40. h4 Rb2 41. Rf6+ Kg7 42. g4 Rb3 43. g5 Ra3 44. h5 Ra5 45. Rf7+ Kg8 46. Rf8+ Kg7 47. R4f7# 1-0


[Site "https://www.chess.com"]

[Event "Titled Tuesday Blitz March 14 Early 2023"]
[White "Nurmanova, Alua"]
[Black "littlepillow2010"]
[WhiteFideId "13729390"]
[WhiteElo "2253"]
[BlackElo "2424"]
[Result "0-1"]
[Round "10"]
[TimeControl "180+2"]
[Date "2023.03.14"]
[WhiteClock "0:00:14"]
[BlackClock "0:00:07"]

1. e4 c5 2. Nf3 d6 3. d4 cxd4 4. Nxd4 Nf6 5. Nc3 a6 6. Bg5 Nbd7 7. Qe2 h6 8. Bh4 g6 9. f4 e5 10. Nf3 Bg7 11. O-O-O Qc7 12. fxe5 dxe5 13. Nd5 Nxd5 14. exd5 f5 15. d6 Qb6 16. Qc4 Nf8 17. Be7 Be6 18. Qa4+ Nd7 19. Bc4 Qe3+ 20. Kb1 b5 21. Bxb5 axb5 22. Qxa8+ Kf7 23. Qc6 e4 24. Nd2 Qd4 25. c3 Qa7 26. Nb3 Ra8 27. Kc2 Qxa2 28. Rd5 Ra6 29. Qxb5 Rb6 30. Qc4 Rxb3 31. Qxb3 Qxb3+ 32. Kxb3 Bxd5+ 33. Kb4 Ke6 34. c4 Bc6 35. b3 Bd4 36. g3 Ne5 37. Ka5 e3 38. Re1 Bc3+ 39. Kb6 Bxe1 40. b4 Bxb4 0-1


[Site "https://www.chess.com"]

[Event "Titled Tuesday Blitz March 14 Early 2023"]
[White "Tarasova, Viktoriya"]
[Black "polandchessplayer"]
[WhiteFideId "4175840"]
[WhiteElo "2182"]
[BlackElo "2601"]
[Result "1/2-1/2"]
[Round "10"]
[TimeControl "180+2"]
[Date "2023.03.14"]
[WhiteClock "0:00:14"]
[BlackClock "0:00:06"]

1. d4 Nf6 2. c4 e6 3. Nc3 c5 4. d5 exd5 5. cxd5 d6 6. Nf3 g6 7. Bf4 Bg7 8. h3 O-O 9. e3 a6 10. a4 Qc7 11. Be2 Nbd7 12. Nd2 Rb8 13. O-O Ne8 14. Qc2 Ne5 15. Bh2 f5 16. Rfe1 Bd7 17. a5 Nf7 18. Nc4 Nf6 19. Bd3 Bb5 20. Nb6 Bxd3 21. Qxd3 Nd7 22. Nxd7 Qxd7 23. e4 Ne5 24. Bxe5 Bxe5 25. exf5 Qxf5 26. Qxf5 Rxf5 27. Rad1 Rbf8 28. Ne4 Bd4 29. Nxd6 Rxf2 30. Kh1 Rxb2 31. Re7 Rbf2 32. Nxb7 Bf6 33. Re6 c4 34. d6 c3 35. d7 c2 36. Rg1 Bg5 37. h4 Rf1 38. Rc6 Rd1 39. hxg5 Rxd7 40. Rxc2 Rxb7 41. Rc6 Rf5 42. Kh2 Rxa5 43. Rgc1 Rf7 44. Rc8+ Kg7 45. Ra8 Rxg5 46. Rxa6 Rf2 47. Kg1 Rfxg2+ 48. Kh1 Rg1+ 49. Rxg1 Rh5+ 50. Kg2 Rg5+ 51. Kf1 Rf5+ 52. Ke2 Re5+ 53. Kd3 Re7 54. Kd4 Rf7 55. Kd5 Rf5+ 56. Ke4 Rf7 57. Rga1 Rf8 58. Ra7+ Kh6 59. Rh1+ Kg5 60. Rhxh7 Rf4+ 61. Ke3 Rf5 62. Ke4 Rf4+ 63. Kd3 Rf5 64. Ke2 Re5+ 65. Kf2 Rf5+ 66. Kg3 Rb5 67. Rhg7 Kf6 68. Kf3 Rb4 69. Ke3 g5 70. Rgf7+ Kg6 71. Rg7+ Kh5 72. Raf7 Rb3+ 73. Kf2 Rb2+ 74. Kf1 g4 75. Kg1 Kh4 76. Rf2 Rb1+ 77. Kg2 Rb5 78. Re2 Rf5 79. Rh7+ Kg5 80. Rg7+ Kh5 81. Rf2 Ra5 82. Rd2 Rb5 83. Rd4 Rb2+ 84. Kf1 Rb1+ 85. Kg2 Rb2+ 86. Kg3 Rb3+ 87. Kf2 Rb2+ 88. Kf1 Rb1+ 89. Ke2 Rb2+ 90. Kd1 Rg2 91. Rh7+ Kg5 92. Ke1 Kf5 93. Kf1 Rb2 94. Rh8 Rb1+ 95. Kg2 Rb2+ 96. Kg1 Rb1+ 97. Kh2 Rb2+ 98. Kg3 Rb3+ 99. Kg2 Rb2+ 100. Kf1 Rb1+ 101. Ke2 Rb2+ 102. Kd1 Rb1+ 103. Kc2 Rg1 104. Rf8+ Kg5 105. Rg8+ Kh4 106. Kd2 Rg2+ 107. Ke1 Kh3 108. Rd3+ Kh4 109. Kf1 Ra2 110. Kg1 Ra1+ 111. Kg2 Ra2+ 112. Kf1 Ra1+ 113. Kf2 Ra2+ 114. Ke3 Ra5 115. Rd4 Ra3+ 116. Kf2 Rf3+ 117. Kg2 Rg3+ 118. Kh2 Rh3+ 119. Kg1 Rg3+ 120. Kf1 Rf3+ 121. Ke2 Rg3 122. Rd5 Kh3 123. Kf1 Rf3+ 124. Kg1 Rg3+ 1/2-1/2


[Site "https://www.chess.com"]

[Event "Titled Tuesday Blitz March 14 Early 2023"]
[White "Salinas Herrera, Pablo"]
[Black "Reprintsev, Alexander"]
[WhiteFideId "3407128"]
[BlackFideId "14100541"]
[WhiteElo "2550"]
[BlackElo "2229"]
[Result "1-0"]
[Round "10"]
[TimeControl "180+2"]
[Date "2023.03.14"]
[WhiteClock "0:00:40"]
[BlackClock "0:00:47"]

1. d4 d5 2. Nf3 Nf6 3. Bf4 e6 4. e3 Bd6 5. Nbd2 Bxf4 6. exf4 Qd6 7. g3 c5 8. dxc5 Qxc5 9. Bd3 Nc6 10. c3 Bd7 11. O-O Rc8 12. Re1 O-O 13. Qe2 Rfd8 14. Rad1 a6 15. Nb3 Qf8 16. Bb1 b5 17. Ne5 Be8 18. g4 g6 19. g5 Nh5 20. Ng4 Kh8 21. Nd4 Nxd4 22. Rxd4 Qd6 23. Bc2 Nxf4 24. Qe3 Nh5 25. Bd1 Rc4 26. Ne5 Rxd4 27. Qxd4 Ng7 28. Ng4 Rc8 29. Be2 Qe7 30. h4 a5 31. Bd3 b4 32. Nh6 bxc3 33. bxc3 Qc5 34. Rb1 Qxd4 35. cxd4 Nf5 36. Bxf5 gxf5 37. Rb7 Kg7 38. Ra7 Rc4 39. Ra8 Kf8 40. Kh2 Rxd4 41. Kg3 Ra4 42. h5 Ra3+ 43. Kf4 Rxa2 44. Ke5 Ke7 45. Ng8+ Kf8 46. Nf6 Re2+ 47. Kd6 1-0


[Site "https://www.chess.com"]

[Event "Titled Tuesday Blitz March 14 Early 2023"]
[White "Ginzburg, Yakov"]
[Black "Cornette, Matthieu"]
[WhiteFideId "4157176"]
[BlackFideId "620084"]
[WhiteElo "2305"]
[BlackElo "2478"]
[Result "0-1"]
[Round "10"]
[TimeControl "180+2"]
[Date "2023.03.14"]
[WhiteClock "0:00:02"]
[BlackClock "0:00:27"]

1. e4 Nf6 2. e5 Nd5 3. c4 Nb6 4. c5 Nd5 5. Nc3 e6 6. d4 d6 7. Nxd5 exd5 8. cxd6 cxd6 9. Nf3 Nc6 10. Be2 dxe5 11. dxe5 Be7 12. O-O Be6 13. Bf4 O-O 14. Qd2 Qb6 15. Be3 Qb4 16. Qxb4 Bxb4 17. Rfd1 Rfd8 18. Rac1 h6 19. a3 Ba5 20. Bb5 Rdc8 21. Bxc6 bxc6 22. Nd4 Bd7 23. f4 Bb6 24. Nc2 Bg4 25. Rd2 Bf5 26. Kf2 Be4 27. Nb4 d4 28. Rxd4 Bxd4 29. Bxd4 a5 30. Na2 Rab8 31. Ke3 Bxg2 32. Rg1 Bd5 33. Nc3 Rxb2 34. Nxd5 Rb3+ 35. Nc3 c5 36. Ke4 cxd4 37. Nd5 Rc2 38. f5 d3 0-1


[Site "https://www.chess.com"]

[Event "Titled Tuesday Blitz March 14 Early 2023"]
[White "Postny, Evgeny"]
[Black "Buksa, Nataliya"]
[WhiteFideId "2804344"]
[BlackFideId "14123622"]
[WhiteElo "2509"]
[BlackElo "2316"]
[Result "1-0"]
[Round "10"]
[TimeControl "180+2"]
[Date "2023.03.14"]
[WhiteClock "0:00:30"]
[BlackClock "0:00:15"]

1. Nf3 d5 2. c4 e6 3. g3 Nf6 4. Bg2 Be7 5. O-O O-O 6. b3 d4 7. Bb2 c5 8. e3 Nc6 9. exd4 cxd4 10. d3 a5 11. Na3 e5 12. Re1 Nd7 13. Nb5 Ra6 14. Nd2 Nc5 15. Ne4 Nxe4 16. Bxe4 f5 17. Bd5+ Kh8 18. f4 exf4 19. gxf4 Nb4 20. Bf3 Rg6+ 21. Kh1 Bc5 22. a3 Nc6 23. Rg1 Qh4 24. Rxg6 hxg6 25. Qg1 Qxf4 26. Rf1 Qh6 27. b4 axb4 28. axb4 Nxb4 29. Bxd4 Bxd4 30. Qxd4 Nc2 31. Qc5 Re8 32. Nd6 b6 33. Qf2 Qe3 34. Nxe8 Qxe8 35. Qxc2 Bd7 36. Qe2 Qc8 37. Qg2 Qe8 38. Qh3+ Kg8 39. Bd5+ Be6 40. Bxe6+ Qxe6 41. Qf3 g5 42. Qd5 Kf7 43. Rxf5+ 1-0


[Site "https://www.chess.com"]

[Event "Titled Tuesday Blitz March 14 Early 2023"]
[White "Jaskolka, Tomasz"]
[Black "Aradhya, Garg"]
[WhiteFideId "1170791"]
[BlackFideId "25006746"]
[WhiteElo "2155"]
[BlackElo "2263"]
[Result "0-1"]
[Round "10"]
[TimeControl "180+2"]
[Date "2023.03.14"]
[WhiteClock "0:00:07"]
[BlackClock "0:00:21"]

1. d4 d5 2. Bf4 Nf6 3. e3 c5 4. c3 Nc6 5. Nd2 Bf5 6. Ngf3 Qb6 7. Qb3 c4 8. Qxb6 axb6 9. Be2 h6 10. O-O e6 11. b3 b5 12. a4 b4 13. bxc4 bxc3 14. Nb1 Bb4 15. Na3 Rxa4 16. Nb5 Rxa1 17. Rxa1 O-O 18. Bd6 Rd8 19. Bxb4 Nxb4 20. Ne1 dxc4 21. Nxc3 Nfd5 22. Nb5 c3 23. f3 Nxe3 24. Nxc3 Nbc2 25. Nxc2 Nxc2 26. Ra7 Rb8 27. Nb5 Bg6 28. Kf2 Nb4 29. Ke3 Nc6 30. Ra1 Kf8 31. Rc1 Ke7 32. f4 Ra8 33. Bf3 Ra3+ 34. Kf2 Ra2+ 35. Ke3 Rb2 36. Nc3 Nb4 37. Be4 Bxe4 38. Nxe4 Nd5+ 39. Kf3 Rb3+ 40. Kf2 Rb4 41. g3 Rxd4 42. Kf3 Rd3+ 43. Kf2 b5 44. Rc5 b4 45. Rb5 Nf6 46. Rb7+ Rd7 47. Rxd7+ Nxd7 48. Ke3 Nb6 49. Kd4 Nd5 50. Kc5 b3 51. Nd2 b2 52. Kc4 Ne3+ 53. Kb3 Nf1 54. Nb1 Nxh2 55. Kxb2 Nf1 56. g4 Ne3 57. g5 h5 58. Nd2 h4 59. Nf3 h3 60. Kc3 Ng4 61. Ne5 Nxe5 62. fxe5 h2 63. Kd4 h1=Q 64. Ke3 Qd5 65. Kf4 g6 66. Kg3 Qxe5+ 67. Kg4 Qf5+ 68. Kh4 e5 69. Kg3 e4 70. Kh4 e3 71. Kg3 e2 72. Kg2 e1=Q 73. Kh2 Qff2+ 74. Kh3 Qg3# 0-1


[Site "https://www.chess.com"]

[Event "Titled Tuesday Blitz March 14 Early 2023"]
[White "Krysa, Leandro"]
[Black "Kozin, Yuri"]
[WhiteFideId "116807"]
[BlackFideId "4129920"]
[WhiteElo "2485"]
[BlackElo "2526"]
[Result "1-0"]
[Round "10"]
[TimeControl "180+2"]
[Date "2023.03.14"]
[WhiteClock "0:00:09"]
[BlackClock "0:00:03"]

1. e4 c5 2. Nf3 e6 3. d4 cxd4 4. Nxd4 Nf6 5. Nc3 d6 6. g4 h6 7. h4 Nc6 8. Rg1 d5 9. exd5 Nxd5 10. Nxd5 Qxd5 11. Be3 Bd7 12. Bg2 Qa5+ 13. c3 Be7 14. Qb3 Qc7 15. O-O-O a6 16. g5 hxg5 17. hxg5 O-O-O 18. Kb1 Nxd4 19. Bxd4 Bc6 20. Bb6 Rxd1+ 21. Rxd1 Qe5 22. Bxc6 bxc6 23. Qc4 Qb5 24. Qd4 Kb8 25. Qd7 Qxb6 26. Qxe7 Qb5 27. Qxf7 Qf5+ 28. Qxf5 exf5 29. Rd7 Rh1+ 30. Kc2 Rh2 31. Rxg7 Rxf2+ 32. Kd3 Rxb2 33. Ke3 Rg2 34. Kf4 Rf2+ 35. Ke5 f4 36. g6 f3 37. Kf4 Rf1 38. Ke3 f2 39. Ke2 Rg1 40. Kxf2 Rg5 41. Kf3 a5 42. Kf4 Rg1 43. Kf5 a4 44. Rf7 Rf1+ 45. Ke5 Rg1 46. g7 1-0


[Site "https://www.chess.com"]

[Event "Titled Tuesday Blitz March 14 Early 2023"]
[White "Tan, Zhongyi"]
[Black "Pham, Le Thao Nguyen"]
[WhiteFideId "8603642"]
[BlackFideId "12401226"]
[WhiteElo "2519"]
[BlackElo "2282"]
[Result "1-0"]
[Round "10"]
[TimeControl "180+2"]
[Date "2023.03.14"]
[WhiteClock "0:00:29"]
[BlackClock "0:00:01"]

1. d4 Nf6 2. c4 c6 3. Nf3 d5 4. Nc3 dxc4 5. a4 Bf5 6. e3 e6 7. Bxc4 Bb4 8. O-O Nbd7 9. Qe2 Bg6 10. e4 Bxc3 11. bxc3 Nxe4 12. Ba3 Qc7 13. Rfe1 Nd6 14. Bxe6 O-O 15. Bxd7 Qxd7 16. Ne5 Qd8 17. Nxg6 hxg6 18. Qe7 Qxe7 19. Rxe7 Nc4 20. Rxb7 Rfe8 21. Bc5 a5 22. g3 Rac8 23. Rab1 g5 24. h3 Re6 25. Rd7 Rce8 26. Rbb7 Rf6 27. Re7 Rd8 28. Kg2 Rd5 29. g4 Rd8 30. Re2 Rf4 31. Kg3 Rc8 32. h4 Rf6 33. hxg5 Rg6 34. f4 Re6 35. Rxe6 fxe6 36. g6 Rd8 37. Rc7 Rb8 38. Rxc6 1-0


[Site "https://www.chess.com"]

[Event "Titled Tuesday Blitz March 14 Early 2023"]
[White "Demin, Vladimir"]
[Black "Turzo, Attila"]
[WhiteFideId "4167457"]
[BlackFideId "704954"]
[WhiteElo "2619"]
[BlackElo "2521"]
[Result "1-0"]
[Round "10"]
[TimeControl "180+2"]
[Date "2023.03.14"]
[WhiteClock "0:00:08"]
[BlackClock "0:00:04"]

1. e4 c5 2. Nf3 Nc6 3. c3 Nf6 4. e5 Nd5 5. d4 cxd4 6. cxd4 d6 7. Bc4 Nb6 8. Bb5 dxe5 9. Nxe5 Bd7 10. Nc3 Nxe5 11. dxe5 Bxb5 12. Nxb5 Qxd1+ 13. Kxd1 O-O-O+ 14. Ke2 a6 15. Be3 Nd5 16. Rac1+ Kb8 17. Nc3 Nxe3 18. Kxe3 e6 19. Ne4 Be7 20. Rhd1 f5 21. Nd6 Rd7 22. Rd3 Rhd8 23. Rcd1 Kc7 24. Rc3+ Kb8 25. Rcd3 g5 26. f4 gxf4+ 27. Kxf4 h5 28. g3 Ka8 29. a4 Kb8 30. b4 Ka8 31. b5 axb5 32. axb5 Kb8 33. b6 Rg8 34. Kf3 Rgd8 35. Kf4 h4 36. gxh4 Bxh4 37. Rh3 Be7 38. Rh6 Bxd6 39. exd6 Rxd6 40. Rxd6 e5+ 41. Kxe5 Re8+ 42. Kxf5 Rf8+ 43. Rdf6 Re8 44. Rh7 Rd8 45. Rff7 Rd5+ 46. Ke6 Rd8 47. Rxb7+ Ka8 48. Ra7+ Kb8 49. Rhb7+ Kc8 50. Re7 Kb8 51. h4 Rh8 52. h5 Rh6+ 53. Kf7 Rxb6 54. Rad7 Kc8 55. Kg7 Rb1 56. Rf7 Rg1+ 57. Kh7 Rg2 58. h6 Rg1 59. Rde7 Kd8 60. Ra7 Ke8 61. Rg7 Rxg7+ 62. hxg7 1-0


[Site "https://www.chess.com"]

[Event "Titled Tuesday Blitz March 14 Early 2023"]
[White "TimGrutter03"]
[Black "Sokac, Marko"]
[BlackFideId "14531356"]
[WhiteElo "2493"]
[BlackElo "2355"]
[Result "0-1"]
[Round "10"]
[TimeControl "180+2"]
[Date "2023.03.14"]
[WhiteClock "0:00:03"]
[BlackClock "0:00:37"]

1. e4 d6 2. d4 Nf6 3. Nc3 c6 4. g3 Nbd7 5. Bg2 e5 6. Nge2 Be7 7. a4 b6 8. O-O Bb7 9. h3 a6 10. f4 b5 11. Qe1 b4 12. Nd1 a5 13. c3 exd4 14. Nxd4 O-O 15. e5 Nd5 16. e6 N7f6 17. exf7+ Rxf7 18. Ne6 Qb6+ 19. Kh2 Re8 20. c4 Nc7 21. Be3 c5 22. Ng5 Rff8 23. Bxb7 Qxb7 24. Qf2 h6 25. Nf3 d5 26. Ne5 d4 27. Bd2 Bd6 28. Ng6 Rf7 29. Qg2 Qxg2+ 30. Kxg2 Re2+ 31. Rf2 Rxf2+ 32. Nxf2 Kh7 33. Nh4 g6 34. Re1 Re7 35. Rxe7+ Bxe7 36. b3 Nce8 37. Nf3 Nd6 38. Ne5 Nde4 39. Nxe4 Nxe4 40. Be1 Bd6 41. Kf3 Nc3 42. Bxc3 bxc3 43. Nd3 Kg7 44. g4 Kf6 45. h4 g5 46. hxg5+ hxg5 47. fxg5+ Kxg5 48. Ke4 c2 49. Kd5 Be7 50. Ke6 Bf8 51. Kf7 Bh6 52. b4 cxb4 53. c5 Kxg4 54. c6 Bf4 55. Ke6 b3 56. Nf2+ Kf3 57. Nd3 b2 58. Ne1+ Kg4 59. Nxc2 b1=Q 60. Nxd4 Qe4+ 0-1


[Site "https://www.chess.com"]

[Event "Titled Tuesday Blitz March 14 Early 2023"]
[White "Skvortsov, Andrei"]
[Black "Skatchkov, Pavel"]
[WhiteFideId "24108600"]
[BlackFideId "4121848"]
[WhiteElo "2259"]
[BlackElo "2476"]
[Result "0-1"]
[Round "10"]
[TimeControl "180+2"]
[Date "2023.03.14"]
[WhiteClock "0:00:02"]
[BlackClock "0:00:07"]

1. d4 Nf6 2. c4 e6 3. Nf3 d5 4. g3 Bb4+ 5. Nbd2 b6 6. cxd5 exd5 7. a3 Bd6 8. Bg2 O-O 9. Ne5 c6 10. f4 Bb7 11. O-O Nbd7 12. Ndf3 Rc8 13. Nxd7 Qxd7 14. Ne5 Qe7 15. Bd2 c5 16. e3 Ne4 17. Be1 f6 18. Nd3 Rfe8 19. Nf2 Rcd8 20. Nxe4 dxe4 21. dxc5 Bxc5 22. Qe2 Rd3 23. Bf2 Ba6 24. b4 Bd6 25. Qa2+ Kh8 26. Rfd1 Rd8 27. Bf1 Bb8 28. Qc2 h5 29. Rab1 Qe8 30. Bg2 Bb5 31. Rdc1 h4 32. g4 h3 33. Bxh3 Qe6 34. a4 Rd2 35. Qb3 Qxb3 36. Rxb3 Bxa4 37. Rbc3 Bd6 38. Be1 Rd1 39. Rxd1 Bxd1 40. Rc1 Be2 41. Ra1 a6 42. Bg2 Bd3 43. Rd1 Rc8 44. Bxe4 Bxe4 45. Rxd6 Rc2 46. Bg3 a5 47. Rxb6 a4 48. Ra6 Ra2 49. b5 Bd3 50. Ra8+ Kh7 51. b6 Be4 52. Ra7 a3 53. Bh4 Ra1+ 54. Kf2 a2 55. Bxf6 Rh1 56. Bxg7 Rxh2+ 57. Kg3 Rg2+ 58. Kh4 Kg6 59. f5+ Kh7 60. Kg5 Bf3 61. Be5+ Kg8 62. Kf6 Rxg4 63. Ra8+ Bxa8 64. Ke7 Bb7 65. f6 Bd5 66. b7 Rb4 67. Kd6 Bf7 68. Kc7 Rc4+ 69. Kd8 Rb4 70. Kc7 Rc4+ 71. Kb6 Rb4+ 72. Ka6 Ra4+ 73. Kb5 Be8+ 74. Kc5 Ra5+ 75. Kc4 Rxe5 76. b8=Q a1=Q 0-1


[Site "https://www.chess.com"]

[Event "Titled Tuesday Blitz March 14 Early 2023"]
[White "Fiorito, Francisco"]
[Black "Bochnicka, Vladimir"]
[WhiteFideId "180165"]
[BlackFideId "14943450"]
[WhiteElo "2341"]
[BlackElo "2094"]
[Result "1-0"]
[Round "10"]
[TimeControl "180+2"]
[Date "2023.03.14"]
[WhiteClock "0:00:56"]
[BlackClock "0:00:01"]

1. d4 Nf6 2. Nc3 d5 3. Bf4 g6 4. e3 Bg7 5. Nf3 O-O 6. Be2 c5 7. dxc5 Nc6 8. O-O Re8 9. Ne5 Nd7 10. Nxd7 Bxd7 11. Nxd5 Rc8 12. c3 e6 13. Nb4 Ne7 14. Nd3 h6 15. Bf3 Bc6 16. Be5 Bxf3 17. gxf3 Qd5 18. Bxg7 Kxg7 19. Nf4 Qxc5 20. Qd4+ Qxd4 21. exd4 Nf5 22. Rfe1 Nh4 23. Re3 g5 24. Nd3 f5 25. Ne5 Rc7 26. Rae1 Kf6 27. Kf1 Rg8 28. Ke2 Ng2 29. Rg1 Nxe3 30. fxe3 h5 31. h3 Rcg7 32. Rg3 f4 33. Rg2 fxe3 34. Kxe3 Kf5 35. b4 Rc7 36. c4 b5 37. c5 Ra8 38. h4 gxh4 39. Rh2 a5 40. Rxh4 Kg5 41. Rh2 axb4 42. f4+ Kh6 43. Ng4+ Kg6 44. Ne5+ Kg7 45. Rg2+ Kh7 46. Rh2 Ra3+ 47. Ke4 Kh6 48. Ng4+ Kg7 49. Ne5 Rc8 50. c6 b3 51. axb3 Rxb3 52. Rxh5 b4 53. Rg5+ Kf8 54. Rg6 Ke7 55. Rg7+ Ke8 56. Rb7 Rb1 57. f5 exf5+ 58. Kxf5 b3 59. Ke6 b2 60. d5 Kf8 61. Rb3 1-0


[Site "https://www.chess.com"]

[Event "Titled Tuesday Blitz March 14 Early 2023"]
[White "Manukian, Artak"]
[Black "Dzhumagaliev, Yan"]
[WhiteFideId "13301373"]
[BlackFideId "24100110"]
[WhiteElo "2130"]
[BlackElo "2476"]
[Result "0-1"]
[Round "10"]
[TimeControl "180+2"]
[Date "2023.03.14"]
[WhiteClock "0:00:06"]
[BlackClock "0:00:55"]

1. e4 h5 2. d4 h4 3. Bd3 c6 4. Nc3 d5 5. exd5 cxd5 6. h3 Nf6 7. Nf3 Nc6 8. Bf4 a6 9. Qe2 g6 10. O-O-O Bf5 11. Bxf5 gxf5 12. Ne5 Ne4 13. Nxe4 fxe4 14. f3 Nxe5 15. dxe5 exf3 16. Qxf3 e6 17. Kb1 Qc7 18. Rc1 b5 19. Rhf1 O-O-O 20. Bg5 Rd7 21. Bf6 Rg8 22. Rfe1 Bh6 23. Rcd1 Rg3 24. Qf1 Bg5 25. Bxg5 Rxg5 26. Qe2 Kb7 27. a4 Qc4 28. axb5 axb5 29. Qf2 Rf5 30. Qe3 d4 31. Qe4+ Kb6 32. Qxh4 Rd5 33. g4 Rf3 34. Qe7 d3 35. cxd3 Rfxd3 36. Rc1 Rd1 37. Rexd1 Qe4+ 38. Ka2 Qa4+ 39. Qa3 Qxd1 40. Rxd1 Rxd1 41. Qe7 Rf1 42. h4 Rf4 43. h5 b4 44. h6 Kb5 45. Qd7+ Kc4 0-1


[Site "https://www.chess.com"]

[Event "Titled Tuesday Blitz March 14 Early 2023"]
[White "Bruedigam, Martin"]
[Black "Filgueira, Hernan"]
[WhiteFideId "24608033"]
[BlackFideId "101770"]
[WhiteElo "2331"]
[BlackElo "2363"]
[Result "0-1"]
[Round "10"]
[TimeControl "180+2"]
[Date "2023.03.14"]
[WhiteClock "0:01:29"]
[BlackClock "0:00:22"]

1. d4 d5 2. c4 e6 3. Nc3 c6 4. e3 Nf6 5. Nf3 a6 6. Be2 Nbd7 7. O-O dxc4 8. Bxc4 b5 9. Bd3 c5 10. e4 cxd4 11. e5 dxc3 12. exf6 gxf6 13. Re1 Bb7 14. Nd4 Ne5 15. bxc3 Rg8 16. Be4 Bxe4 17. Rxe4 Qd5 18. f3 Bc5 19. Qe2 b4 20. Kh1 bxc3 21. Nb3 Ba7 22. Bf4 Nd3 23. Bg3 Rxg3 24. hxg3 Nf2+ 25. Kh2 Nxe4 26. fxe4 Qg5 27. Kh3 Qh6+ 28. Kg4 Ke7 29. Kf3 Rg8 0-1


[Site "https://www.chess.com"]

[Event "Titled Tuesday Blitz March 14 Early 2023"]
[White "Shubenkova, Veronika"]
[Black "Kim, Sergey"]
[WhiteFideId "44124040"]
[BlackFideId "13700570"]
[WhiteElo "2027"]
[BlackElo "2599"]
[Result "1-0"]
[Round "10"]
[TimeControl "180+2"]
[Date "2023.03.14"]
[WhiteClock "0:00:20"]
[BlackClock "0:00:01"]

1. e4 e5 2. Nf3 Nc6 3. Bb5 a6 4. Bxc6 dxc6 5. O-O f6 6. d4 exd4 7. e5 Bg4 8. Re1 Be7 9. h3 Bh5 10. g4 Bg6 11. exf6 Nxf6 12. Nxd4 O-O 13. c3 Re8 14. Nd2 Bd6 15. Rxe8+ Qxe8 16. Nc4 c5 17. Nxd6 cxd6 18. Nf3 Be4 19. Bf4 Qc6 20. Ng5 Bd5 21. c4 Bxc4 22. Qxd6 Qxd6 23. Bxd6 h6 24. Nf3 Bd5 25. Nh4 b6 26. Nf5 Kf7 27. Bc7 b5 28. Re1 Ng8 29. Be5 g6 30. Ne3 Bxa2 31. Rd1 Ke6 32. f4 Ke7 33. Bd6+ Ke6 34. Bxc5 Rc8 35. Rd6+ Kf7 36. b4 a5 37. Rd7+ Ke6 38. Ra7 a4 39. Ra6+ Kf7 40. Ra5 Bb3 41. Rxb5 a3 42. Ra5 a2 43. Kf2 Nf6 44. Ra7+ Kg8 45. Ke2 Ne4 46. Bd4 Rc1 47. b5 Rb1 48. b6 Nd6 49. f5 gxf5 50. Nxf5 Nxf5 51. gxf5 Bd5 52. Ke3 Re1+ 53. Kd2 Rf1 54. f6 Rf3 55. Rg7+ Kf8 56. Ra7 1-0


[Site "https://www.chess.com"]